 Dungeon Sprint DCSS version 0.29-a0-362-g5854e031c7 (webtiles) character file.

Game seed: 3132261745400998264

3245 Zeldest the Thaumaturge (level 10, -8/81 HPs)
             Began as a Djinni Conjurer on Apr 29, 2022.
             Was an Elder of Makhleb.
             Mangled by a white ugly thing (13 damage)
             ... in the Dungeon (Sprint V: "Ziggurat Sprint").
             The game lasted 00:04:56 (367 turns).

Zeldest the Thaumaturge (Djinni Conjurer)            Turns: 367, Time: 00:04:57

Health: -8/81      AC: 10    Str: 12    XL:     10   Next: 18%
Gold:   0          EV: 12    Int: 31    God:    Makhleb [****..] SH:  0 Dex:  9

rFire   + + .      SeeInvis .   A - +6 Majin-Bo {vamp, MP+6 Int+6}
rCold   + . .      Faith    .   (shield currently unavailable)
rNeg    + . .      Spirit   .   g - +5 ice dragon scales
rPois   ∞          Reflect  .   (no helmet)
rElec   .          Harm     .   (no cloak)
rCorr   .          Rampage  .   (no gloves)
Will    +....      NoTele   +   (boots unavailable)
Stlth   ..........              (no amulet)
HPRegen 0.23/turn               x - +6 ring of strength
MPRegen 0.00/turn               k - ring "Wosischye" {+Blink rF+ rN+ EV+4 Dex-2}

@: corroded, flying
A: sickness immunity, fire resistance 2, cold vulnerability 1, float, innate
caster, HP casting, extra vitality 1
a: Renounce Religion, Evoke Blink, Minor Destruction, Lesser Servant of Makhleb,
Major Destruction


You were in the Dungeon.
You worshipped Makhleb.
Makhleb was greatly pleased with you.
You visited 1 branch

Inventory:

Hand Weapons
 A - the +6 Majin-Bo (weapon) {vamp, MP+6 Int+6}
   (You found it in the Dungeon)

   It heals its wielder for a portion of the damage dealt when they wound a
   living foe with it or with a spell.
   Its wielder's spells cost health as well as magical power.
   Int:       It affects your intelligence (+6).
   MP:        It affects your magic capacity (+6).
 B - the +8 lance "Wyrmbane" {slay drac, rPois rF+ rC+ AC+3}
   (You found it in the Dungeon)

   It inflicts extra damage against dragons and draconians.
   AC:        It affects your AC (+3).
   rF:        It protects you from fire.
   rC:        It protects you from cold.
   rPois:     It protects you from poison.
Armour
 a - a +0 robe
 g - +5 ice dragon scales (worn)
Jewellery
 k - the ring "Wosischye" (right hand) {+Blink rF+ rN+ EV+4 Dex-2}
   (You found it in the Dungeon)

   [ring of evasion]

   EV:        It affects your evasion (+4).
   Dex:       It affects your dexterity (-2).
   rF:        It protects you from fire.
   rN:        It protects you from negative energy.
   +Blink:    It lets you blink.
 t - a +6 ring of dexterity
 u - a +6 ring of dexterity
 v - a +6 ring of intelligence
 w - a +6 ring of intelligence
 x - a +6 ring of strength (left hand)
 y - a +6 ring of strength
Wands
 q - a wand of mindburst (7)
 r - a wand of iceblast (7)
Scrolls
 f - 3 scrolls of blinking
 m - 7 scrolls of fog
 n - a scroll of holy word
 o - 5 scrolls of identify
 p - 2 scrolls of fear
Potions
 b - 10 potions of curing
 c - 8 potions of heal wounds
 d - 6 potions of haste
 e - 3 potions of berserk rage
 h - 2 potions of brilliance
 i - 2 potions of invisibility
 j - 4 potions of resistance
 l - 5 potions of might
Miscellaneous
 s - a phantom mirror (inert)
 z - a lightning rod (4/4)


   Skills:
 + Level 10.3 Fighting
 - Level 2.1 Dodging
 - Level 1.5 Stealth
 * Level 11.8 Spellcasting
 + Level 9.7 Invocations
 + Level 10.3 Evocations


You had 9 spell levels left.
You knew the following spells:

 Your Spells              Type           Power      Damage    Failure   Level
a - Magic Dart            Conj           100%       1d8       1%          1
b - Searing Ray           Conj           100%       2d8       1%          2
c - Dazzling Flash        Conj/Hex       100%       N/A       1%          3
d - Fulminant Prism       Conj/Hex       37%        3d18      1%          4
e - Iskenderun's Mystic   Conj/Tloc      75%        2d15      1%          4
f - Animate Skeleton      Necr           100%       N/A       1%          1
g - Scorch                Fire           100%       2d10      1%          2
h - Mephitic Cloud        Conj/Pois/Air  75%        N/A       1%          3
i - Tukima's Dance        Hex            75%        N/A       1%          3
Your spell library was empty.

Dungeon Overview and Level Annotations

Branches:
Dungeon (1/1)

Altars:
Ashenzari
Cheibriados
Dithmenos
Elyvilon
Fedhas
Gozag
Hepliaklqana
Kikubaaqudgha
Makhleb
Nemelex Xobeh
Okawaru
Qazlal
Ru
Sif Muna
Trog
Uskayaw
Vehumet
Wu Jian
Xom
Yredelemnul
Zin
The Shining One
Beogh
Jiyva
Lugonu

Annotations:
D 1 transporter


Innate Abilities, Weirdness & Mutations

You are immune to sickness and miasma.
You are immune to poison.
Your flesh is very heat resistant. (rF++)
You are vulnerable to cold. (rC-)
You float through the air rather than walking.
You learn spells naturally, not from books.
Your magical power is your life essence.
You have superior vitality. (+4 MHP)


Message History

The brown ugly thing basks in the mutagenic energy from its kin and changes!
You turn to flesh and can move again.
Casting: Scorch (safe; 1% risk of failure)
Confirm with . or Enter, or press ? or * to list all spells.
Flames lash the brown ugly thing.
You feel better.
The brown ugly thing is lightly wounded.
The brown ugly thing's fire resistance burns away.
The blink frog barely misses you. The warg bites you.
The brown ugly thing barely misses you.
The blink frog blinks!
Casting: Scorch (safe; 1% risk of failure)
Confirm with . or Enter, or press ? or * to list all spells.
Aiming: Fulminant Prism (dangerous; 1% risk of failure)
Press: ? - help, Dir - move target, f/p - brown ugly thing
Aim: a brown ugly thing (lightly wounded, more vulnerable to fire)
Okay, then.
Casting: Fulminant Prism (dangerous; 1% risk of failure)
Confirm with . or Enter, or press ? or * to list all spells.
Okay, then.
Casting: Fulminant Prism (dangerous; 1% risk of failure)
Confirm with . or Enter, or press ? or * to list all spells.
Aiming: Mephitic Cloud (safe; 1% risk of failure)
Press: ? - help, Shift-Dir - straight line, f - white ugly thing, p - brown ugly thing
Aim: a white ugly thing (chance to affect: 43%)
The ball explodes into a vile cloud!
The stinking cloud engulfs the white ugly thing but does no damage.
The stinking cloud engulfs the brown ugly thing but does no damage.
The brown ugly thing is lightly wounded.
The stinking cloud engulfs you but does no damage.
The stinking cloud engulfs the warg but does no damage.
The warg bites you but does no damage.
The brown ugly thing is engulfed in noxious fumes.
The brown ugly thing engulfs you!
* * * LOW HITPOINT WARNING * * *
The acid corrodes you!
You are splashed with acid!
* * * LOW HITPOINT WARNING * * *
The warg bites you.
* * * LOW HITPOINT WARNING * * *
The white ugly thing is engulfed in noxious fumes.
The white ugly thing stings you!
You die...

▓..©..▓..©..▓▓▓▓▓▓▓
▓▓▓▓▓▓▓▓▓▓▓▓▓▓▓▓▓▓▓
▓..8©8...▓..8©8...▓
▓...)....▓..:||...▓
▓...=....▓..:.}...▓
▓........▓........▓
▓.†......▓..§§§...▓
▓.▓...†▓.▓..uu§F..▓
▓...©....▓..○@h...▓
▓▓▓▓▓▓▓▓▓▓▓▓▓▓▓▓▓▓▓


You could see 2 ugly things, a blink frog shaped shifter and a warg shaped
shifter.

Vanquished Creatures
  A dancing weapon (D)
  2 deep elf knights (D)
  2 toenail golems (D)
  A yak (D)
  A ynoxinul (D)
  A bullfrog (D)
  An iguana (D)
  A shadow imp (D)
  An ufetubus (D)
  A jackal (D)
12 creatures vanquished.

Vanquished Creatures (collateral kills)
  A deep elf zephyrmancer (D)
  A centaur (shapeshifter) (D)
2 creatures vanquished.

Vanquished Creatures (others)
  2 fulminant prisms (D)
2 creatures vanquished.

Grand Total: 16 creatures vanquished

Notes
Turn   | Place    | Note
-------+----------+-------------------------------------------
     0 | D        | Zeldest the Djinni Conjurer began the quest for the Orb.
     0 | D        | Reached XP level 1. HP: 15/15 MP: 0/0
    12 | D        | Found a blossoming altar of Fedhas.
    12 | D        | Found the +6 Majin-Bo {vamp, MP+6 Int+6}
    12 | D        | Found the +9 heavy crossbow "Sniper" {vorpal, Acc+∞ SInv}
    12 | D        | Found the +10 dark maul {vorpal}
    12 | D        | Found the +15 Maxwell's patent armour {-Cast -Tele rElec
                  | Will+ rCorr}
    12 | D        | Found the +18 shield of the Gong {rElec rN+ Will+ EV-5}
    12 | D        | Found the +14 obsidian axe {vorpal, Mesm Drain Fly SInv}
    12 | D        | Found the +7 great mace "Firestarter" {inner flame, rF++}
    12 | D        | Found the +6 shillelagh "Devastator" {shatter}
    12 | D        | Found the +11 plutonium sword {Contam Stlth-}
    12 | D        | Found the +8 lance "Wyrmbane" {slay drac, rPois rF+ rC+
                  | AC+3}
    12 | D        | Found the +9 sword of Zonguldrok {reap}
    12 | D        | Found the +13 scythe of Curses {drain, Drain}
    12 | D        | Found the +5 sword of Power {vorpal}
    12 | D        | Found the +7 mace of Variability {chain chaos}
    12 | D        | Found the +7 Singing Sword {vorpal, sonic wave}
    12 | D        | Found the +8 storm bow {elec, penet}
    15 | D        | Found a sacrificial altar of Ru.
    15 | D        | Found a bloodstained altar of Trog.
    15 | D        | Found a stormy altar of Qazlal.
    15 | D        | Found an iron altar of Okawaru.
    15 | D        | Found a sparkling altar of Nemelex Xobeh.
    17 | D        | Found a transporter.
    17 | D        | Found a viscous altar of Jiyva.
    17 | D        | Found a corrupted altar of Lugonu.
    17 | D        | Found a hazy altar of Hepliaklqana.
    17 | D        | Found a burning altar of Makhleb.
    17 | D        | Found an opulent altar of Gozag.
    37 | D        | Became a worshipper of Makhleb the Destroyer
    38 | D        | Reached skill level 5 in Spellcasting
    38 | D        | Reached XP level 2. HP: 25/25 MP: 0/0
    47 | D        | Entered arena 2.
    47 | D        | Noticed a toenail golem
    47 | D        | Noticed a toenail golem
    47 | D        | Found a transporter.
    53 | D        | Killed a toenail golem
    54 | D        | Reached skill level 7 in Spellcasting
    54 | D        | Reached skill level 5 in Invocations
    54 | D        | Reached XP level 3. HP: 35/35 MP: 0/0
    54 | D        | Learned a level 1 spell: Animate Skeleton
    54 | D        | Reached XP level 4. HP: 40/40 MP: 0/0
    54 | D        | Reached XP level 5. HP: 46/46 MP: 0/0
    54 | D        | Learned a level 2 spell: Scorch
    54 | D        | Reached XP level 6. HP: 51/51 MP: 0/0
    60 | D        | Killed a toenail golem
    61 | D        | Reached skill level 8 in Spellcasting
    61 | D        | Reached XP level 7. HP: 52/58 MP: 0/0
    61 | D        | Learned a level 3 spell: Mephitic Cloud
    88 | D        | Entered arena 3.
    88 | D        | Noticed a ynoxinul
    88 | D        | Found a transporter.
    91 | D        | Reached * piety under Makhleb
    95 | D        | Killed a ynoxinul
    95 | D        | Reached ** piety under Makhleb
    96 | D        | Reached skill level 9 in Spellcasting
    96 | D        | Reached XP level 8. HP: 65/65 MP: 0/0
   204 | D        | Entered arena 4.
   204 | D        | Noticed a +2 halberd of venom
   204 | D        | Noticed a deep elf zephyrmancer
   204 | D        | Noticed a deep elf knight
   204 | D        | Noticed a deep elf knight
   204 | D        | Found a transporter.
   209 | D        | Killed a deep elf knight
   210 | D        | Reached skill level 10 in Spellcasting
   210 | D        | Killed a +2 halberd of venom
   211 | D        | Reached XP level 9. HP: 53/72 MP: 0/0
   211 | D        | Learned a level 3 spell: Tukima's Dance
   214 | D        | Killed a deep elf knight
   215 | D        | Reached skill level 11 in Spellcasting
   216 | D        | Killed a deep elf zephyrmancer
   216 | D        | Reached *** piety under Makhleb
   217 | D        | Reached skill level 10 in Fighting
   217 | D        | Reached skill level 10 in Evocations
   217 | D        | Reached XP level 10. HP: 53/80 MP: 0/0
   334 | D        | Entered arena 5.
   334 | D        | Found a transporter.
   341 | D        | Reached **** piety under Makhleb
   347 | D        | Got the ring "Wosischye" {+Blink rF+ rN+ EV+4 Dex-2}
   354 | D        | Entered arena 6.
   354 | D        | Noticed a red ugly thing
   354 | D        | Noticed a brown ugly thing
   354 | D        | Found a transporter.
   367 | D        | Mangled by a white ugly thing

Illustrated notes

Levels and vault maps discovered:
D:        sprint_v [room_start, room_1, room_2, room_3, room_4, room_5, room_6,
          room_7, room_8, room_9, room_10, room_11, room_12, room_13, room_14,
          room_15, room_16, room_17, room_18, room_19, room_20, room_21,
          room_22, room_23, room_24, room_25, room_26, room_27]

Skill      XL: |  1  2  3  4  5  6  7  8  9 |
---------------+----------------------------+-----
Fighting       | 3 6 7 9 10 | 10.3
Spellcasting   | 5 7 8 9 10 11 | 11.8
Evocations     | 3 6 7 9 10 | 10.3
Invocations    | 5 6 8 9 |  9.7
Dodging        | |  2.1
Stealth        | |  1.5

Action                   |  1- 3 |  4- 6 |  7- 9 | 10-12 || total
-------------------------+-------+-------+-------+-------++-------
 Cast: Scorch            |       |     1 |     4 |     6 ||    11
       Fulminant Prism   |       |       |     2 |       ||     2
       Iskenderun's Myst |       |       |     4 |     2 ||     6
       Mephitic Cloud    |       |       |     1 |     2 ||     3
       Animate Skeleton  |       |       |     1 |       ||     1
Evoke: Wand              |     5 |     2 |       |       ||     7
       Lightning rod     |       |     4 |     3 |       ||     7
       Phantom mirror    |       |       |       |     1 ||     1
  Use: Potion            |     1 |       |     2 |       ||     3
       Scroll            |     1 |       |       |       ||     1
Armor: Ice dragon scales |     2 |     3 |     2 |    14 ||    21
Dodge: Dodged            |     1 |     2 |     3 |     6 ||    12

Table legend: (Time is in decaauts)
 A = Elapsed time spent in this place.
 B = Non-inter-level travel time spent in this place.
 C = Inter-level travel time spent in this place.
 D = Time resting spent in this place.
 E = Time spent auto-exploring this place.
 F = Levels seen in this place.
 G = Mean time per level.
                   A        B        C        D        E       F      G
               +--------+--------+--------+--------+--------+-----+--------+
         Total |    365 |    365 |      0 |    234 |      0 |   1 |  365.0 |
       Dungeon |    365 |    365 |      0 |    234 |      0 |   1 |  365.0 |
               +--------+--------+--------+--------+--------+-----+--------+

Top non-repeatable levels by time:
       D: 365 daAuts
